 Dungeon Crawl Stone Soup version 0.22.2-1-ge965b3a (webtiles) character file.

50 smallpebble the Skirmisher (level 3, -3/33 HPs)
             Began as a Hill Orc Fighter on Apr 10, 2019.
             Was a Follower of Sif Muna.
             Killed by nerve-wracking pain
             ... invoked by an orc priest
              (9 damage)
             ... on level 3 of the Dungeon.
             The game lasted 00:03:02 (1356 turns).

smallpebble the Skirmisher (Hill Orc Fighter)       Turns: 1356, Time: 00:03:03

Health: -3/33      AC:  6    Str: 18    XL:     3   Next: 79%
Magic:  3/3        EV:  8    Int:  8    God:    Sif Muna [*.....]
Gold:   167        SH:  9    Dex: 11    Spells: 2/2 levels left

rFire    . . .     SeeInvis .   a - +0 war axe
rCold    . . .     Gourm    .   c - +0 shield
rNeg     . . .     Faith    .   b - +0 scale mail
rPois    .         Spirit   .   (no helmet)
rElec    .         Reflect  .   (no cloak)
rCorr    .         Harm     .   (no gloves)
MR       .....                  (no boots)
Stlth    ..........             (no amulet)
HPRegen  0.11/turn              (no ring)
MPRegen  0.08/turn              (no ring)

@: no status effects
A: no striking features
a: Divine Energy, Renounce Religion, Convert to Beogh


You were on level 3 of the Dungeon.
You worshipped Sif Muna.
Sif Muna was aware of your devotion.
You were not hungry.

You visited 1 branch of the dungeon, and saw 3 of its levels.

You collected 167 gold pieces.

Inventory:

Hand Weapons
 a - a +0 war axe (weapon)
Armour
 b - a +0 scale mail (worn)
 c - a +0 shield (worn)
Scrolls
 e - a scroll of remove curse {unknown}
 j - a scroll of amnesia {unknown}
 k - a scroll of enchant weapon {unknown}
Potions
 d - a potion of might
 g - a potion of invisibility {unknown}
 h - a potion of curing {unknown}
 i - 2 potions of resistance {unknown}
Comestibles
 f - 6 rations


   Skills:
 - Level 3.9 Fighting
 - Level 2.6 Axes
 - Level 3.2 Armour
 * Level 2.4 Dodging
 - Level 3.4 Shields


You had 2 spell levels left.
You didn't know any spells.
Your spell library was empty.

Dungeon Overview and Level Annotations

Branches:
Dungeon (2/15)

Altars:
Gozag
Sif Muna


Message History

You are too injured to fight recklessly!
You closely miss the orc priest.
The orc priest hits you but does no damage.
You block the orc warrior's attack.
The orc priest shouts, "Beogh is our master!
Accept the truth or die!"
The orc priest hits you with a short sword.
* * * LOW HITPOINT WARNING * * *
You slash the orc priest!
The orc priest is severely wounded.
The orc warrior closely misses you. You block the orc priest's attack.
You block the orc warrior's attack. You block the orc priest's attack.
The orc priest threatens, "By the altar or by the axe, you will meet Beogh!"
You hit the orc priest but do no damage.
The orc priest is severely wounded.
You block the orc priest's attack. You block the orc warrior's attack.
You completely miss the orc priest.
The orc priest is severely wounded.
The orc priest invokes the aid of Beogh against you.
Pain shoots through your body!
You die... #### ### ##... ..# ....# #.# ... #.# ... ##.## #.# ooo

#^# #o# #.# #@# ##'##
###.#### ##...##
#......# #.....##
##.#(##.# .......##
##.....# #
........####...#.#..#
........'........#.(#
........####....## .#
.......## ##.....# #


You could see an orc warrior, an orc priest and 2 orcs.

Vanquished Creatures
  An adder (D:2)
  A worm (D:3)
  2 dart slugs
  A leopard gecko (D:3)
  5 bats
  3 giant cockroaches
  5 goblins
  4 hobgoblins
  A quokka (D:2)
  2 frilled lizards (D:2)
  3 kobolds
  6 rats
34 creatures vanquished.

Notes
Turn   | Place    | Note
-------+----------+-------------------------------------------
     0 | D:1      | smallpebble the Hill Orc Fighter began the quest for the
                  | Orb.
     0 | D:1      | Reached XP level 1. HP: 19/19 MP: 1/1
   158 | D:1      | Reached XP level 2. HP: 23/27 MP: 2/2
   240 | D:1      | Reached skill level 1 in Dodging
   663 | D:2      | Reached XP level 3. HP: 30/33 MP: 3/3
   803 | D:2      | Found a faded altar of an unknown god.
   810 | D:2      | Became a worshipper of Sif Muna the Loreminder
   810 | D:2      | Reached * piety under Sif Muna
  1063 | D:2      | Found an opulent altar of Gozag.
  1140 | D:2      | You fall through a shaft!
  1351 | D:3      | Noticed an orc warrior
  1356 | D:3      | Killed from afar by an orc priest

Skill      XL: |  1  2  3 |
---------------+----------+-----
Dodging        | 1 2 |  2.4
Fighting       | |  3.9
Axes           | |  2.6
Armour         | |  3.2
Shields        | |  3.4

Action                   || total
-------------------------++-------
Melee: War axe           ||   112
  Eat: Ration            ||     1
Armor: Scale mail        ||    43
Dodge: Dodged            ||    31
Block: Shield            ||    62
